 Dungeon Crawl Stone Soup version 0.20.1-1-g8b1a95d (webtiles) character file.

3644 cochise the Cleaver (level 9, -28/88 HPs)
             Began as a Troll Monk on Sept 12, 2017.
             Was a Priest of Okawaru.
             Annihilated by a two-headed ogre
             ... wielding a cursed -2 giant spiked club
              (35 damage)
             ... on level 7 of the Dungeon on Sept 13, 2017.
             The game lasted 01:15:46 (7192 turns).

cochise the Cleaver (Troll Monk)                    Turns: 7192, Time: 01:15:47

Health: -28/88     AC:  5    Str: 24    XL:     9   Next: 88%
Magic:  6/8        EV: 22    Int:  6    God:    Okawaru [***...]
Gold:   488        SH:  5    Dex: 17    Spells: 8/8 levels left

rFire    . . .     SeeInvis .   j - +1 war axe (vamp)
rCold    . . .     Gourm    +   (no shield)
rNeg     . . .     Faith    .   b - +0 robe
rPois    .         Spirit   .   (helmet restricted)
rElec    .         Reflect  +   (no cloak)
rCorr    .         Harm     .   (gloves unavailable)
MR       .....                  (boots unavailable)
Stlth    +++++.....             t - +5 amulet of reflection
Regen    0.7/turn               (no ring)
MPRegen  0.2/turn               (no ring)

@: agile, heroism, hasted, very quick
A: unfitting armour, claws 3, fast metabolism 3, gourmand, regeneration 1,
shaggy fur 1, tough skin 2
a: Heroism, Renounce Religion


You were on level 7 of the Dungeon.
You worshipped Okawaru.
Okawaru was most pleased with you.
You were completely stuffed.

You visited 2 branches of the dungeon, and saw 8 of its levels.

You collected 488 gold pieces.

Inventory:

Hand Weapons
 a - a +1 mace
 j - a +1 vampiric war axe (weapon)
 y - a +2 whip of flaming
 I - a +4 spear of freezing
 K - a +2 scimitar of freezing
 N - a +2 short sword of venom
Missiles
 r - 4 silver tomahawks (quivered)
Armour
 b - a +0 robe (worn)
Jewellery
 t - a +5 amulet of reflection (around neck)
 O - an uncursed ring of protection from cold
Wands
 u - a wand of polymorph (6/24)
 z - a wand of iceblast (8/15)
 A - a wand of polymorph (12/24)
 C - a wand of acid (10/15)
 G - a wand of paralysis (19/24)
Scrolls
 f - a scroll of identify
 l - 4 scrolls of blinking
 m - 3 scrolls of teleportation
 p - a scroll of noise {unknown}
 q - a scroll of amnesia
 x - a scroll of recharging {unknown}
 B - a scroll of enchant weapon
 F - a scroll of vulnerability {unknown}
 H - a scroll of remove curse
Potions
 d - 3 potions of invisibility
 e - a potion of agility
 i - a potion of ambrosia {unknown}
 k - a potion of magic {unknown}
 s - 2 potions of brilliance
 w - 3 potions of mutation
 J - a potion of lignification {unknown}
 L - a potion of flight {unknown}
Comestibles
 c - 8 bread rations
 g - 7 chunks of flesh
 h - 2 royal jellies
 n - 2 fruits
 E - 4 meat rations


   Skills:
 + Level 5.6(10.6) Fighting
 + Level 8.3(13.6) Axes
 + Level 3.1(11.6) Maces & Flails
 + Level 1.7(6.7) Throwing
 + Level 6.1(11.1) Dodging
 + Level 2.0(7.0) Stealth
 + Level 0.4(5.4) Unarmed Combat
 + Level 1.0 Invocations


You had 8 spell levels left.
You didn't know any spells.

Dungeon Overview and Level Annotations

Branches:
Dungeon (7/15)             Temple (1/1) D:5

Altars:
Dithmenos
Elyvilon
Fedhas
Gozag
Okawaru
Uskayaw

Shops:
D:4 *   D:5 =


Innate Abilities, Weirdness & Mutations

You are too large for most types of armour.
You have claws for hands.
Your metabolism is lightning-fast.
You like to eat raw meat.
Your natural rate of healing is unusually fast.
You are covered in fur. (AC +1)
You have very tough skin. (AC +2)


Message History

* * * LOW HITPOINT WARNING * * *
You barely miss the two-headed ogre.
The two-headed ogre is severely wounded.
You hit the two-headed ogre but do no damage.
The two-headed ogre is severely wounded.
You hit the two-headed ogre.
The two-headed ogre is severely wounded.
The two-headed ogre hits you with a giant spiked club!!
* * * LOW HITPOINT WARNING * * *
The two-headed ogre completely misses you.
You gain the combat prowess of a mighty hero.
The two-headed ogre barely misses you. The two-headed ogre misses you.
You hit the two-headed ogre.
The two-headed ogre is severely wounded.
You hit the two-headed ogre.
You feel better.
The two-headed ogre is almost dead.
You hit the two-headed ogre but do no damage.
The two-headed ogre is almost dead.
The two-headed ogre hits you with a giant spiked club!!
You die...

##..##....................
#..#....#'##)....####)##.
+..#....#..'.)...#....)#. ..
#..#....#..#.....#.....'.
...#..#....#..#....(####'##.
..#+##....#..#.............
#........#..######........
#........#.......#........
#.......O@.......'(.......
#......(.#..###'##........
#....(...#..#........####.
#....########........#..#.
#.(.. #........#..#. #....
#........#..#. #....
#####....#..#. #...O
#...#....#..#. #....
#...'....#..'.


You could see a two-headed ogre.

Vanquished Creatures
  Pikel (D:5)
  The ghost of appiemonkey the Poker, a novice MiFi of Cheibriados (D:6)
  Grinder (D:4)
  Menkaure (D:4)
  Duvessa (D:7)
  An ice beast (D:5)
  An orc warrior (D:7)
  A slave (D:5)
  A sky beast (D:6)
  An ogre (D:7)
  A centaur (D:5)
  3 bullfrogs
  Dowan (D:7)
  A wyvern zombie (D:7)
  3 scorpions
  5 wights (D:7)
  A howler monkey (D:5)
  8 orc priests
  A gnoll shaman (D:7)
  A hound (D:6)
  5 jellies
  2 bullfrog skeletons
  Jessica (D:3)
  7 orc wizards
  Natasha (thrice) (D:4)
  4 worker ants
  3 hound skeletons
  A worker ant zombie (D:5)
  3 gnolls (D:7)
  6 adders
  A shadow imp (D:6)
  3 oozes
  An adder zombie (D:6)
  An adder skeleton (D:7)
  3 leopard geckos
  31 orcs
  4 bats
  7 giant cockroaches
  3 goblins
  5 hobgoblins
  12 jackals
  9 kobolds
  6 quokkas
  3 ball pythons
  5 frilled lizards
  A giant cockroach zombie (D:4)
  A leopard gecko skeleton (D:5)
  A quokka skeleton (D:7)
  2 rats (D:1)
169 creatures vanquished.

Vanquished Creatures (others)
  A bullfrog zombie (D:5)
  2 worker ants (D:5)
  An orc (D:5)
4 creatures vanquished.

Grand Total: 173 creatures vanquished

Notes
Turn   | Place    | Note
-------+----------+-------------------------------------------
     0 | D:1      | cochise the Troll Monk began the quest for the Orb.
     0 | D:1      | Reached XP level 1. HP: 22/22 MP: 0/0
   159 | D:1      | Reached XP level 2. HP: 24/29 MP: 1/1
   931 | D:2      | Reached XP level 3. HP: 36/36 MP: 2/2
  1443 | D:2      | Reached skill level 1 in Axes
  1705 | D:3      | Reached XP level 4. HP: 21/45 MP: 3/3
  2305 | D:3      | Noticed Jessica
  2341 | D:3      | Killed Jessica
  2341 | D:3      | Reached XP level 5. HP: 18/53 MP: 4/4
  2603 | D:4      | Noticed Menkaure
  2694 | D:4      | Reached skill level 2 in Axes
  2702 | D:4      | Killed Menkaure
  2702 | D:4      | Reached XP level 6. HP: 13/61 MP: 5/5
  2795 | D:4      | Noticed Grinder
  2803 | D:4      | Paralysed by Grinder for 7 turns
  2812 | D:4      | Paralysed by Grinder for 5 turns
  2823 | D:4      | Paralysed by Grinder for 2 turns
  2827 | D:4      | Killed Grinder
  2827 | D:4      | Reached skill level 3 in Axes
  2827 | D:4      | Reached XP level 7. HP: 42/68 MP: 6/6
  2944 | D:4      | Noticed Natasha
  2957 | D:4      | Killed Natasha
  3011 | D:4      | Found Yxaiw's Assorted Antiques.
  3346 | D:4      | Noticed Natasha
  3368 | D:4      | Killed Natasha
  3525 | D:4      | Noticed Natasha
  3530 | D:4      | Killed Natasha
  3605 | D:5      | Entered Level 5 of the Dungeon
  3666 | D:5      | Found a blossoming altar of Fedhas.
  3736 | D:5      | Reached skill level 4 in Axes
  3801 | D:5      | Found a staircase to the Ecumenical Temple.
  3823 | Temple   | Entered the Ecumenical Temple
  3842 | Temple   | Became a worshipper of Warmaster Okawaru
  3842 | Temple   | Reached * piety under Okawaru
  3842 | Temple   | Reached ** piety under Okawaru
  3924 | D:5      | Noticed Pikel
  3940 | D:5      | Killed Pikel
  3940 | D:5      | Reached skill level 5 in Axes
  3940 | D:5      | Reached XP level 8. HP: 29/79 MP: 7/7
  3964 | D:5      | Found a hide-covered altar of Uskayaw.
  3965 | D:5      | Found Cioso's Jewellery Boutique.
  4003 | D:5      | Reached skill level 5 in Dodging
  4354 | D:5      | Reached skill level 6 in Axes
  4832 | D:6      | Reached skill level 5 in Fighting
  4996 | D:6      | Noticed appiemonkey's ghost (novice MiFi)
  5061 | D:6      | Killed appiemonkey's ghost
  5061 | D:6      | Reached *** piety under Okawaru
  5061 | D:6      | Reached skill level 7 in Axes
  5061 | D:6      | Reached XP level 9. HP: 46/88 MP: 8/8
  5373 | D:6      | Reached skill level 1 in Throwing
  5686 | D:6      | Reached skill level 1 in Invocations
  6423 | D:7      | Noticed Dowan
  6426 | D:7      | Noticed Duvessa
  6449 | D:7      | Killed Duvessa
  6450 | D:7      | Killed Dowan
  6751 | D:7      | Reached skill level 8 in Axes
  7169 | D:7      | Noticed a two-headed ogre
  7188 | D:7      | HP: 2/88 [two-headed ogre/giant spiked club (20)]
  7192 | D:7      | Annihilated by a two-headed ogre

Skill      XL: |  1  2  3  4  5  6  7  8  9 |
---------------+----------------------------+-----
Maces & Flails | 3 |  3.1
Fighting       | 3 4 5 |  5.6
Axes           | 1 2 3 5 7 8 |  8.3
Dodging        | 3 4 5 6 |  6.1
Throwing       | 1 |  1.7
Invocations    | 1 |  1.0
Stealth        | 2 |  2.0
Unarmed Combat | |  0.4

Action                   |  1- 3 |  4- 6 |  7- 9 || total
-------------------------+-------+-------+-------++-------
Melee: Mace              |    38 |    26 |       ||    64
       Hand axe          |   122 |    85 |       ||   207
       War axe           |       |    26 |   438 ||   464
       Unarmed           |       |       |    13 ||    13
Throw: Tomahawk          |    24 |       |    27 ||    51
Invok: Heroism           |       |       |    11 ||    11
  Use: Scroll            |       |     4 |    10 ||    14
       Potion            |       |       |     9 ||     9
 Stab: Sleeping          |     1 |     1 |     1 ||     3
  Eat: Chunk             |    21 |    14 |    43 ||    78
Armor: Robe              |    73 |    40 |    99 ||   212
Dodge: Dodged            |   105 |   101 |   267 ||   473
Block: Other             |       |       |    36 ||    36
       Reflection        |       |       |     3 ||     3
